 Dungeon Crawl Stone Soup version 0.30.1-11-g7821555f0a (webtiles) character file.

Game seed: 3504924602584344584

1918 Peloso the Carver (level 8, -2/71 HPs)
             Began as a Minotaur Fighter on Dec 15, 2023.
             Was a Believer of Okawaru.
             Killed from afar by a gargoyle (13 damage)
             ... with a stone arrow
             ... on level 7 of the Dungeon.
             The game lasted 00:07:11 (5077 turns).

Peloso the Carver (Minotaur Fighter)                Turns: 5077, Time: 00:07:12

Health: -2/71      AC: 19    Str: 19    XL:     8   Next: 95%
Magic:  5/7        EV: 11    Int:  4    God:    Okawaru [**....]
Gold:   362        SH:  7    Dex: 17    Spells: 7/7 levels left

rFire   . . .        a - +2 long sword (protect)
rCold   . . .        d - +0 buckler
rNeg    . . .        c - +0 chain mail
rPois   .            (helmet restricted)
rElec   .            (no cloak)
rCorr   .            (no gloves)
SInv    .            (no boots)
Will    .....        (no amulet)
Stlth   +            (no ring)
HPRegen 0.31/turn    (no ring)
MPRegen 0.10/turn

%: no passive effects
@: heroic, under a protective aura
A: horns 2, retaliatory headbutt, agile 1
a: Renounce Religion, Heroism


You were on level 7 of the Dungeon.
You worshipped Okawaru.
Okawaru was pleased with you.
You visited 2 branches of the dungeon, and saw 8 of its levels.

You collected 362 gold pieces.

Inventory:

Hand Weapons
 a - a +2 long sword of protection (weapon)
Armour
 b - a +0 scale mail
 c - a +0 chain mail (worn)
 d - a +0 buckler (worn)
Jewellery
 f - a +6 ring of strength
 q - a +4 ring of slaying
Wands
 o - a wand of digging (6)
 t - a wand of acid (1)
Scrolls
 h - a scroll of enchant weapon
 i - a scroll of amnesia
 k - a scroll of blinking
 m - 2 scrolls of teleportation
 p - a scroll of fog
 u - a scroll of fear
Potions
 e - 2 potions of haste
 g - a potion of curing
 j - a potion of cancellation
 l - 3 potions of ambrosia
 n - a potion of flight
 r - 2 potions of might
 v - a potion of lignification {unknown}


   Skills:
 + Level 6.7(11.7) Fighting
 + Level 9.6(14.6) Long Blades
 + Level 8.1(13.1) Armour
 + Level 2.0(7.0) Dodging
 + Level 0.5(5.5) Stealth
 + Level 5.2(10.2) Shields


You had 7 spell levels left.
You didn't know any spells.
Your spell library contained the following spells:

 Spells                   Type           Power      Damage    Failure   Level
 Foxfire                  Conj/Fire      0%         2x1d4     98%         1
 Blink                    Tloc           0%         N/A       99%         2
 Ensorcelled Hibernation  Hex/Ice        0%         N/A       99%         2
 Lesser Beckoning         Tloc           0%         N/A       99%         2
 Momentum Strike          Conj/Tloc      0%         3d8       99%         2
 Passwall                 Tmut/Erth      0%         N/A       99%         2
 Dazzling Flash           Conj/Hex       0%         N/A       100%        3
 Swiftness                Air            0%         N/A       100%        3
 Agony                    Necr           0%         N/A       100%        5
 Fireball                 Conj/Fire      0%         3d3       100%        5
 Silence                  Hex/Air        0%         N/A       100%        5
 Plasma Beam              Fire/Air       0%         2x1d11    100%        6
 Starburst                Conj/Fire      0%         6d3       100%        6


Dungeon Overview and Level Annotations

Branches:
Dungeon (7/15)             Temple (1/1) D:4

Altars:
Ashenzari
Dithmenos
Hepliaklqana
Kikubaaqudgha
Makhleb
Okawaru
Xom
Yredelemnul
Zin

Shops:
D:2 (


Innate Abilities, Weirdness & Mutations

You have a pair of horns on your head.
You reflexively headbutt those who attack you in melee.
You are agile. (Dex +4, Str/Int -1)


Message History

The gargoyle is heavily damaged.
The gargoyle hurls a stone arrow at you.
The stone arrow hits you!
You barely miss the gargoyle.
You headbutt the gargoyle, but do no damage.
The gargoyle is heavily damaged.
The gargoyle hurls a stone arrow at you.
The stone arrow hits you!
You hit the gargoyle.
The gargoyle is heavily damaged.
The gargoyle hurls a stone arrow at you.
The stone arrow misses you.
You hit the gargoyle but do no damage.
You headbutt the gargoyle, but do no damage.
The gargoyle is heavily damaged.
The gargoyle hits you with a +0 mace!
* * * LOW HITPOINT WARNING * * *
You barely miss the gargoyle.
You headbutt the gargoyle, but do no damage.
The gargoyle is heavily damaged.
The gargoyle hits you with a +0 mace.
* * * LOW HITPOINT WARNING * * *
You hit the gargoyle but do no damage.
You headbutt the gargoyle, but do no damage.
The gargoyle is heavily damaged.
The gargoyle hits you with a +0 mace.
* * * LOW HITPOINT WARNING * * *
You gain the combat prowess of a mighty hero.
The gargoyle hits you but does no damage.
You feel better. The gargoyle hits you with a +0 mace!
* * * LOW HITPOINT WARNING * * *
Unknown command.
You hit the gargoyle.
The gargoyle is severely damaged.
You hit the gargoyle.
You headbutt the gargoyle, but do no damage.
The gargoyle is almost destroyed.
The gargoyle hurls a stone arrow at you.
The stone arrow hits you!
You die...

### #..###
#...[.##
##.....# .
#......## ..#
#.....<.##...>.
#.......@.......
##......9.......
#.....##.......
....... ......#
....... ......#
....... ..#...#
....... ..#.#..
(... ..# #..


You could see a gargoyle.

Vanquished Creatures
  Grinder (D:4)
  A hornet (D:7)
  Sigmund (D:4)
  An ice beast (D:6)
  An ogre (D:5)
  A centaur (D:6)
  2 phantoms
  A scorpion (D:5)
  3 wights (D:6)
  3 jellies
  A gnoll bouda (D:6)
  7 hounds
  2 sleepcaps (D:5)
  Ijyb (D:5)
  Natasha (thrice) (D:4)
  An orc wizard (D:5)
  9 gnolls
  4 adders
  2 ufetubi (D:4)
  A worm (D:5)
  2 dart slugs
  5 orcs
  9 ball pythons
  4 bats
  5 endoplasms
  7 giant cockroaches
  7 goblins
  7 hobgoblins
  7 jackals
  6 quokkas
  3 frilled lizards
  6 kobolds
  10 rats
124 creatures vanquished.

Notes
Turn   | Place    | Note
-------+----------+-------------------------------------------
     0 | D:1      | Peloso the Minotaur Fighter began the quest for the Orb.
     0 | D:1      | Reached XP level 1. HP: 19/19 MP: 0/0
   114 | D:1      | Reached XP level 2. HP: 24/27 MP: 1/1
   217 | D:1      | Reached XP level 3. HP: 33/33 MP: 2/2
   363 | D:1      | Gained mutation: You are agile. (Dex +4, Str/Int -1)
                  | [potion of mutation]
   593 | D:2      | Reached skill level 3 in Long Blades
   694 | D:2      | Found a faded altar of an unknown god.
  1098 | D:2      | Found Asheufi's Weapon Emporium.
  1225 | D:2      | Reached XP level 4. HP: 35/40 MP: 3/3
  1710 | D:3      | Found a burning altar of Makhleb.
  1710 | D:3      | Found a glowing silver altar of Zin.
  1711 | D:3      | Noticed an angel
  1711 | D:3      | Noticed an Executioner
  1884 | D:3      | Reached skill level 4 in Long Blades
  2044 | D:3      | Identified the +0 leather armour "Nuilukk" {rF+ Int+3}
  2452 | D:4      | Noticed Sigmund
  2452 | D:4      | Found a staircase to the Ecumenical Temple.
  2455 | D:4      | Noticed Grinder
  2458 | D:4      | Killed Sigmund
  2459 | D:4      | Reached skill level 5 in Long Blades
  2459 | D:4      | Reached skill level 5 in Armour
  2459 | D:4      | Reached XP level 5. HP: 45/47 MP: 4/4
  2459 | D:4      | Reached XP level 6. HP: 53/55 MP: 5/5
  2468 | D:4      | Paralysed by Grinder for 3 turns
  2471 | D:4      | Noticed Natasha
  2477 | D:4      | Killed Grinder
  2477 | D:4      | Killed Natasha
  2478 | D:4      | Reached skill level 5 in Fighting
  2478 | D:4      | Reached skill level 6 in Long Blades
  2478 | D:4      | Reached skill level 1 in Dodging
  2516 | Temple   | Entered the Ecumenical Temple
  2519 | Temple   | Became a worshipper of Warmaster Okawaru
  2576 | D:4      | Reached XP level 7. HP: 61/61 MP: 6/6
  2740 | D:4      | Noticed Natasha
  2752 | D:4      | Killed Natasha
  2805 | D:4      | Found an ancient bone altar of Kikubaaqudgha.
  2806 | D:4      | Noticed Natasha
  2814 | D:4      | Killed Natasha
  3110 | D:5      | Entered Level 5 of the Dungeon
  3227 | D:5      | Reached skill level 7 in Long Blades
  3556 | D:5      | Noticed Ijyb
  3566 | D:5      | Killed Ijyb
  3762 | D:5      | Reached * piety under Okawaru
  3805 | D:5      | Reached XP level 8. HP: 69/69 MP: 7/7
  3953 | D:5      | Found a hazy altar of Hepliaklqana.
  3953 | D:5      | Found a basalt altar of Yredelemnul.
  3954 | D:5      | Found a shimmering altar of Xom.
  3974 | D:5      | Found a shadowy altar of Dithmenos.
  4049 | D:5      | Reached skill level 8 in Long Blades
  4061 | D:5      | Reached skill level 5 in Shields
  4558 | D:6      | Reached ** piety under Okawaru
  4559 | D:6      | Reached skill level 9 in Long Blades
  5054 | D:7      | Noticed a gargoyle
  5054 | D:7      | Noticed a hornet
  5061 | D:7      | Killed a hornet
  5077 | D:7      | Killed from afar by a gargoyle

Illustrated notes

Levels and vault maps discovered:
D:1:      dpeg_arrival_stonehenge_8_columns, layout_basic
D:2:      layout_basic, shapermc_ecumenical_altar_ellora, serial_shops, shop,
          reono_crystal_passage
D:3:      layout_basic, grunt_temple_overflow_order_and_chaos_2,
          chequers_decorated_corner, nrook_mini_backslash, minivault_5,
          chequers_garden
D:4:      layout_cave_pools, mainiacjoe_overflow_chevrons,
          minmay_temple_entry_overgrown, uniq_natasha, uniq_sigmund,
          uniq_grinder
D:5:      layout_loops_cross, nicolae_overflow_quartered_altars, uniq_ijyb
D:6:      layout_gridville
D:7:      layout_cave_pools, cheibrodos_worm_habitat, serial_shops, shop,
          minmay_microvault
Temple:   nicolae_temple_hex_pool

Skill      XL: |  1  2  3  4  5  6  7  8 |
---------------+-------------------------+-----
Armour         | 4 5 6 7 8 |  8.1
Shields        | 4 5 |  5.2
Long Blades    | 3 5 6 7 9 |  9.6
Fighting       | 4 5 6 |  6.7
Dodging        | 1 2 |  2.0
Stealth        | |  0.5

Action                     |  1- 3 |  4- 6 |  7- 9 || total
---------------------------+-------+-------+-------++-------
  Melee: Long sword        |    88 |    60 |   184 ||   332
         Headbutt          |    19 |    10 |    44 ||    73
 Invoke: Heroism           |       |       |     2 ||     2
    Use: Potion            |     3 |     3 |     1 ||     7
         Scroll            |     1 |     5 |     5 ||    11
 Armour: Scale mail        |    43 |       |       ||    43
         Chain mail        |     3 |    39 |    97 ||   139
  Dodge: Dodged            |    40 |    22 |    65 ||   127
  Block: Buckler           |    28 |    18 |    44 ||    90
